 Dungeon Crawl Stone Soup version 0.28.0-43-g3370ac3207 (webtiles) character file.

Game seed: 5405409083729458826

9 DungeonDestroyer the Shield-Bearer (level 2, -1/29 HPs)
             Began as a Gnoll Fighter on Mar 26, 2022.
             Frozen to death by an endoplasm (4 damage)
             ... on level 1 of the Dungeon.
             The game lasted 00:01:43 (52 turns).

DungeonDestroyer the Shield-Bearer (Gnoll Fighter)    Turns: 52, Time: 00:01:43

Health: -1/29      AC:  7    Str: 15    XL:     2   Next: 16%
Magic:  2/2        EV:  9    Int:  7    God:
Gold:   0          SH:  5    Dex: 11    Spells: 1/1 levels left

rFire   . . .      SeeInvis .   a - +0 long sword
rCold   . . .      Faith    .   c - +0 buckler
rNeg    . . .      Spirit   .   b - +0 scale mail
rPois   .          Reflect  .   (no helmet)
rElec   .          Harm     .   (no cloak)
rCorr   .          Rampage  .   (no gloves)
Will    .....                   (no boots)
Stlth   ..........              (no amulet)
HPRegen 0.09/turn               (no ring)
MPRegen 0.08/turn               (no ring)

@: mighty
A: fangs 1, strong nose, distributed training
a: no special abilities


You were on level 1 of the Dungeon.
You visited 1 branch of the dungeon, and saw 1 of its levels.

Inventory:

Hand Weapons
 a - a +0 long sword (weapon)
Armour
 b - a +0 scale mail (worn)
 c - a +0 buckler (worn)
Potions
 e - a potion of magic {unknown}


   Skills:
 + Level 6.4 Fighting
 + Level 0.3 Short Blades
 + Level 4.4 Long Blades
 + Level 0.3 Axes
 + Level 0.3 Maces & Flails
 + Level 0.3 Polearms
 + Level 0.3 Staves
 + Level 0.3 Slings
 + Level 0.3 Bows
 + Level 0.3 Crossbows
 + Level 0.3 Throwing
 + Level 6.4 Armour
 + Level 0.3 Dodging
 + Level 0.3 Stealth
 + Level 6.4 Shields
 + Level 0.3 Unarmed Combat
 + Level 0.3 Spellcasting
 + Level 0.2 Conjurations
 + Level 0.2 Hexes
 + Level 0.2 Summonings
 + Level 0.2 Necromancy
 + Level 0.2 Translocations
 + Level 0.2 Transmutations
 + Level 0.2 Fire Magic
 + Level 0.2 Ice Magic
 + Level 0.2 Air Magic
 + Level 0.2 Earth Magic
 + Level 0.2 Poison Magic
 + Level 0.4 Invocations
 + Level 0.3 Evocations


You had one spell level left.
You didn't know any spells.
Your spell library was empty.

Dungeon Overview and Level Annotations

Branches:
Dungeon (1/15)

Altars:


Innate Abilities, Weirdness & Mutations

You have very sharp teeth.
Your uncanny sense of smell can sniff out nearby items.
Your experience applies equally to all skills.


Message History

* * * LOW HITPOINT WARNING * * *
The bat barely misses you.
You barely miss the jackal.
The jackal is moderately wounded.
The bat hits you but does no damage. x2; The jackal closely misses you.
The jackal bites you but does no damage.
The bat closely misses you.
You closely miss the jackal. Your bite misses the jackal.
The jackal is moderately wounded.
The bat hits you but does no damage. You block the jackal's attack.
The jackal bites you but does no damage.
You feel very mighty all of a sudden. The bat closely misses you.
The jackal bites you but does no damage.
The bat barely misses you.
You slash the jackal!
You kill the jackal!
The bat barely misses you. You block the bat's attack.
The endoplasm jiggles.
You block the jackal's attack.
You hit the jackal.
You kill the jackal!
The bat closely misses you.
You have reached level 2!
You closely miss the bat. The bat barely misses you.
The jackal barely misses you. You block the bat's attack. The jackal bites you.
* * * LOW HITPOINT WARNING * * *
You barely miss the bat. You bite the bat.
You kill the bat!
The jackal barely misses you.
You slash the jackal!
You kill the jackal!
The bat misses you. The jackal bites you.
* * * LOW HITPOINT WARNING * * *
You barely miss the jackal. You bite the jackal.
You kill the jackal!
The bat barely misses you. The endoplasm freezes you.
You are frozen.
You die...

..............#.#
..
?................
.. #....)†# .⌠
#......# ..
#......# #.
#......# #
#.....b##
........J.#
.......##@#
#......#####
#......


.PP ...... ##### #### You could see an endoplasm and a bat.

Vanquished Creatures
  A ball python (D:1)
  2 bats (D:1)
  4 jackals (D:1)
  A kobold (D:1)
  A frilled lizard (D:1)
9 creatures vanquished.

Vanquished Creatures (others)
  A fungus (D:1)
1 creature vanquished.

Grand Total: 10 creatures vanquished

Notes
Turn   | Place    | Note
-------+----------+-------------------------------------------
     0 | D:1      | DungeonDestroyer the Gnoll Fighter began the quest for the
                  | Orb.
     0 | D:1      | Reached XP level 1. HP: 23/23 MP: 1/1
    49 | D:1      | Reached XP level 2. HP: 4/29 MP: 2/2
    52 | D:1      | Frozen to death by an endoplasm

Illustrated notes

Levels and vault maps discovered:
D:1:      dpeg_arrival_lava_temple_mockup, layout_basic, serial_aquarium,
          aquarium_bridge_square [aquarium_subvault_balcony,
          aquarium_subvault_bridge, aquarium_subvault_wall,
          aquarium_subvault_balcony], aquarium_window_2, aquarium_window_fake,
          aquarium_window_corner, aquarium_view_2b, aquarium_pool_S,
          shapermc_ecumenical_altar_acropolis, st_stairs_14

Action                   || total
-------------------------++-------
Melee: Long sword        ||    30
       Bite              ||     5
  Use: Potion            ||     1
Armor: Scale mail        ||    45
Dodge: Dodged            ||    44
Block: Buckler           ||    28
